 Dungeon Crawl Stone Soup version 0.30-a0-395-gfe72c296f8 (webtiles) character file.

Game seed: 8250323820000415619

2375 Ijustatesigmund the Thaumaturge (level 9, -4/49 HPs)
             Began as a Deep Elf Fire Elementalist on Dec 7, 2022.
             Was a Believer of Sif Muna.
             Slain by a hornet (15 damage)
             ... on level 6 of the Dungeon.
             The game lasted 00:24:15 (8934 turns).

Ijustatesigmund the Thaumaturge (DEFE)              Turns: 8934, Time: 00:24:16

Health: -4/49      AC:  6    Str:  5    XL:     9   Next: 21%
Magic:  14/23      EV: 12    Int: 31    God:    Sif Muna [**....]
Gold:   337        SH:  0    Dex: 12    Spells: 11/25 levels left

rFire   + . .      SeeInvis .    c - staff of fire
rCold   . . .      Faith    .    (no shield)
rNeg    . . .      Spirit   .    a - +0 robe
rPois   .          Reflect  .    (no helmet)
rElec   .          Harm     .    j - +2 cloak
rCorr   +          Rampage  +    (no gloves)
Will    .....                    s - +0 pair of boots
Stlth   ++........               o - amulet "Qyeriul" {Rampage Regen+ rCorr Int+6 Dex-3}
HPRegen 1.08/turn                (no ring)
MPRegen 0.18/turn                (no ring)

@: lethally poisoned (-4 -> -12), slowed, very slow
A: no striking features
a: Renounce Religion, Channel Magic


You were on level 6 of the Dungeon.
You worshipped Sif Muna.
Sif Muna was pleased with you.
You visited 2 branches of the dungeon, and saw 8 of its levels.
You also visited: Ossuary.

You collected 436 gold pieces.
You spent 99 gold pieces at shops.

Inventory:

Hand Weapons
 g - a +1 spear
 r - a +0 sling of electrocution
Missiles
 x - a curare-tipped dart
Armour
 a - a +0 robe (worn)
 i - a +1 leather armour of fire resistance
 j - a +2 cloak (worn)
 s - a +0 pair of boots (worn)
Magical Staves
 c - a staff of fire (weapon)
Jewellery
 o - the amulet "Qyeriul" (around neck) {Rampage Regen+ rCorr Int+6 Dex-3}
   (You found it on level 2 of the Dungeon)

   [amulet of regeneration]

   Int:       It affects your intelligence (+6).
   Dex:       It affects your dexterity (-3).
   Regen:     It increases your rate of health regeneration.
   rCorr:     It protects you from acid and corrosion.
   Rampage:   It bestows one free step when moving towards enemies.
Wands
 d - a wand of iceblast (5)
Scrolls
 l - a scroll of fog
 m - 3 scrolls of teleportation
 t - 3 scrolls of identify
 v - a scroll of fear
Potions
 b - a potion of magic
 f - a potion of attraction
 h - a potion of brilliance
 k - a potion of ambrosia
 n - a potion of resistance
 p - a potion of mutation
 q - 3 potions of might {unknown}
 u - 2 potions of curing {unknown}
 w - a potion of flight {unknown}
 z - a potion of lignification {unknown}


   Skills:
 - Level 2.5 Fighting
 - Level 2.7 Staves
 - Level 2.4 Dodging
 - Level 2.4 Stealth
 + Level 8.5 Spellcasting
 - Level 5.0 Conjurations
 + Level 2.6 Necromancy
 - Level 3.2 Translocations
 - Level 5.9 Fire Magic
 - Level 2.9 Air Magic
 + Level 5.4 Invocations


You had 11 spell levels left.
You knew the following spells:

 Your Spells              Type           Power      Damage    Failure   Level
a - Foxfire               Conj/Fire      100%       2x1d9     1%          1
b - Scorch                Fire           100%       2d10      1%          2
c - Flame Wave            Conj/Fire      63%        2d15      4%          4
d - Kindle Blastsparks    Fire/Tloc/Air  100%       2d18      2%          3
e - Dispel Undead         Necr           29%        3d13      13%         4

Your spell library contained the following spells:

 Spells                   Type           Power      Damage    Failure   Level
 Kiss of Death            Conj/Necr      100%       2d13      1%          1
 Inner Flame              Hex/Fire       47%        N/A       3%          3
 Ensorcelled Hibernation  Hex/Ice        26%        N/A       6%          2
 Confusing Touch          Hex            13%        N/A       12%         3
 Spider Form              Tmut/Pois      13%        N/A       12%         3
 Anguish                  Hex/Necr       10%        N/A       22%         4


Dungeon Overview and Level Annotations

Branches:
Dungeon (7/15)             Temple (1/1) D:4         Ossuary (visited)

Altars:
Ashenzari
Dithmenos
Elyvilon
Fedhas
Gozag
Makhleb
Nemelex Xobeh
Okawaru
Ru
Sif Muna
Trog
Uskayaw
Vehumet
Wu Jian
Xom
Yredelemnul
Zin
The Shining One

Shops:
D:4 (


Message History

Confirm with . or Enter, or press ? or * to list all spells.
You feel a surge of power!
Flames lash the hornet.
The hornet is lightly wounded.
The hornet's fire resistance burns away.
The hornet barely misses you. The hornet misses you. The hornet stings you!
You feel yourself slow down.
Casting: Scorch (safe; 1% risk of failure)
Confirm with . or Enter, or press ? or * to list all spells.
You feel a surge of power!
Flames lash the hornet.
The hornet is burned terribly!
The hornet is heavily wounded.
You feel yourself speed up. The hornet stings you!
You feel yourself slow down. The hornet misses you.
You feel yourself speed up. The hornet stings you.
You are poisoned.
You suddenly lose the ability to move!
The hornet stings you!
You feel yourself slow down.
The hornet stings you but does no damage.
You feel very sick. The hornet stings you!
* * * LOW HITPOINT WARNING * * *
You are more poisoned.
You feel as though you will be slow longer.
You can move again.
You feel much better.
You feel extremely sick. The hornet stings you.
You are more poisoned.
You feel as though you will be slow longer.
The hornet closely misses you.
Casting: Scorch (safe; 1% risk of failure)
Confirm with . or Enter, or press ? or * to list all spells.
You feel a surge of power!
Flames lash the hornet.
The hornet is burned terribly!
The hornet is almost dead.
* * * LOW HITPOINT WARNING * * *
You feel extremely sick. The hornet stings you!
You die...

.. #. #.##########
#.#........#
#.#.######.# #.#.# #.#
##'###.#@######.###
.....†.y....)..).>#
#####.###.#####.##.#.#
......###.......##...#
##........#######...#
#...............'...#
#.........#######...#
#.......[.# ###.#
#.........# #.#


You could see a hornet (combustible).

Vanquished Creatures
  Pikel (D:4)
  Menkaure (D:4)
  An ice beast (D:5)
  A lemure (D:4)
  2 centaurs (D:5)
  A kobold brigand (D:6)
  2 necrophages
  A scorpion (D:7)
  4 wights
  6 centaur zombies (Ossuary)
  Crazy Yiuf (D:4)
  2 jellies (D:5)
  A hound (D:4)
  A gnoll bouda (D:5)
  3 human zombies (Ossuary)
  3 orc priests
  2 iguanas
  Ijyb (D:5)
  5 orc wizards
  A hound zombie (Ossuary)
  3 mummies (Ossuary)
  8 gnolls
  6 adders
  3 ufetubi
  An adder zombie (Ossuary)
  2 dart slugs
  15 orcs
  9 ball pythons
  8 endoplasms
  2 giant cockroaches
  5 goblins
  8 hobgoblins
  8 jackals
  11 kobolds
  3 quokkas
  4 bats (D:2)
  5 frilled lizards
  3 goblin zombies (Ossuary)
  4 hobgoblin zombies (Ossuary)
  2 jackal zombies (Ossuary)
  4 kobold zombies (Ossuary)
  An orc zombie (Ossuary)
  2 quokka zombies (Ossuary)
  6 rats
  4 rat zombies (Ossuary)
167 creatures vanquished.

Vanquished Creatures (others)
  255 foxfires
255 creatures vanquished.

Grand Total: 422 creatures vanquished

Notes
Turn   | Place    | Note
-------+----------+-------------------------------------------
     0 | D:1      | Ijustatesigmund the Deep Elf Fire Elementalist began the
                  | quest for the Orb.
     0 | D:1      | Reached XP level 1. HP: 10/10 MP: 6/6
   334 | D:1      | Reached XP level 2. HP: 15/15 MP: 2/8
   337 | D:1      | Learned a level 2 spell: Scorch
  1122 | D:2      | Found a shadowy altar of Dithmenos.
  1176 | D:2      | Found a faded altar of an unknown god.
  1364 | D:2      | Reached XP level 3. HP: 19/19 MP: 8/10
  1624 | D:1      | Reached skill level 4 in Spellcasting
  1965 | D:2      | Identified the amulet "Qyeriul" {Rampage Regen+ rCorr Int+6
                  | Dex-3}
  2369 | D:3      | Reached XP level 4. HP: 7/24 MP: 7/12
  2466 | D:3      | Reached XP level 5. HP: 27/28 MP: 9/14
  2914 | D:3      | Identified a scroll of acquirement
  2914 | D:3      | Acquired a staff of fire
  2924 | D:3      | Learned a level 4 spell: Flame Wave
  2994 | D:3      | Reached skill level 5 in Spellcasting
  4347 | D:4      | Found a staircase to the Ecumenical Temple.
  4356 | Temple   | Entered the Ecumenical Temple
  4481 | Temple   | Became a worshipper of Sif Muna the Loreminder
  4540 | D:4      | Found Kuqikogi's Antique Weapon Shoppe.
  4549 | D:4      | Bought a glowing sling for 99 gold pieces
  4611 | D:4      | Reached skill level 5 in Fire Magic
  4611 | D:4      | Reached XP level 6. HP: 31/33 MP: 8/15
  4656 | D:4      | Found a burning altar of Makhleb.
  4658 | D:4      | Found a glowing silver altar of Zin.
  4658 | D:4      | Noticed an angel
  4659 | D:4      | Noticed a balrug
  4746 | D:4      | Found a runed translucent door.
  4747 | D:4      | Noticed Crazy Yiuf
  4755 | D:4      | Killed Crazy Yiuf
  4756 | D:4      | Reached skill level 1 in Fighting
  4756 | D:4      | Reached skill level 1 in Invocations
  5099 | D:4      | Noticed Pikel
  5131 | D:4      | Killed Pikel
  5132 | D:4      | Reached skill level 6 in Spellcasting
  5132 | D:4      | Reached XP level 7. HP: 20/40 MP: 1/18
  5631 | D:4      | Noticed Menkaure
  5634 | D:4      | Killed Menkaure
  5635 | D:4      | Reached skill level 5 in Conjurations
  5640 | D:4      | Learned a level 3 spell: Kindle Blastsparks
  5661 | D:5      | Entered Level 5 of the Dungeon
  5705 | D:5      | Reached skill level 1 in Staves
  5705 | D:5      | Reached XP level 8. HP: 44/44 MP: 13/20
  5722 | D:5      | Reached skill level 1 in Translocations
  5722 | D:5      | Reached skill level 1 in Air Magic
  5726 | D:5      | Found a sand-covered staircase.
  5787 | Ossuary  | Entered an ossuary
  5859 | Ossuary  | Reached skill level 7 in Spellcasting
  5981 | Ossuary  | Reached * piety under Sif Muna
  7188 | D:5      | Noticed Ijyb
  7230 | D:5      | Killed Ijyb
  7324 | D:5      | Found a radiant altar of Vehumet.
  7372 | D:5      | Reached ** piety under Sif Muna
  8247 | D:6      | Learned a level 4 spell: Dispel Undead
  8258 | D:6      | Reached XP level 9. HP: 49/49 MP: 16/22
  8276 | D:6      | Reached skill level 8 in Spellcasting
  8276 | D:6      | Reached skill level 1 in Necromancy
  8481 | D:6      | Reached skill level 5 in Invocations
  8931 | D:6      | Paralysed by a hornet for 2 turns
  8932 | D:6      | HP: 2/49 [hornet (12)]
  8934 | D:6      | Slain by a hornet

Illustrated notes

Levels and vault maps discovered:
D:1:      nicolae_arrival_washed_ashore, layout_loops_ring,
          hangedman_decor_points, palyth_stone_intersect
D:2:      layout_loops_ring, basic_altar, hellmonk_ecumenical_altar_lost_god,
          minmay_fractal_squares_5
D:3:      layout_basic
D:4:      layout_basic, grunt_temple_overflow_order_and_chaos_2,
          minmay_temple_entry_sparse_star, serial_shops,
          nicolae_shop_hallway_plus, uniq_pikel, uniq_menkaure,
          uniq_crazy_yiuf_cottage
D:5:      layout_basic, mainiacjoe_overflow_small_starburst, enter_ossuary_5,
          uniq_ijyb
D:6:      black_bear_nest_2, layout_basic, uniq_blork_the_orc
D:7:      minmay_angry_zag, layout_loops_ring, uniq_duvessa
Temple:   nicolae_temple_superstar

Skill      XL: |  1  2  3  4  5  6  7  8  9 |
---------------+----------------------------+-----
Conjurations   | 2 3 4 5 |  5.0
Fire Magic     | 4 5 |  5.9
Spellcasting   | 4 5 6 7 8 |  8.5
Fighting       | 2 |  2.5
Invocations    | 2 3 4 5 |  5.4
Staves         | 1 2 |  2.7
Translocations | 3 |  3.2
Air Magic      | 2 |  2.9
Necromancy     | 2 |  2.6
Dodging        | |  2.4
Stealth        | |  2.4

Action                   |  1- 3 |  4- 6 |  7- 9 || total
-------------------------+-------+-------+-------++-------
Melee: Spear             |     3 |       |       ||     3
       Staff             |       |       |    11 ||    11
 Cast: Foxfire           |    46 |    29 |    82 ||   157
       Scorch            |    19 |    38 |    98 ||   155
       Kindle Blastspark |       |       |     7 ||     7
  Use: Scroll            |     3 |    12 |     8 ||    23
       Potion            |       |     2 |     1 ||     3
Armor: Robe              |    13 |     3 |    63 ||    79
Dodge: Dodged            |    29 |    11 |   127 ||   167

Table legend: (Time is in decaauts)
 A = Elapsed time spent in this place.
 B = Non-inter-level travel time spent in this place.
 C = Inter-level travel time spent in this place.
 D = Time resting spent in this place.
 E = Time spent auto-exploring this place.
 F = Levels seen in this place.
 G = Mean time per level.
                   A        B        C        D        E       F      G
               +--------+--------+--------+--------+--------+-----+--------+
         Total |   8928 |   8724 |    204 |   2325 |   5177 |   9 |  992.0 |
       Dungeon |   7602 |   7443 |    159 |   1685 |   4759 |   7 | 1086.0 |
        Temple |    159 |    114 |     45 |      0 |    100 |   1 |  159.0 |
       Ossuary |   1165 |   1165 |      0 |    640 |    318 |   1 | 1165.0 |
               +--------+--------+--------+--------+--------+-----+--------+

Top non-repeatable levels by time:
     D:3: 1628 daAuts
     D:5: 1582 daAuts
     D:4: 1424 daAuts
     D:1: 1315 daAuts
 Ossuary: 1165 daAuts
     D:2: 1118 daAuts
     D:6: 417 daAuts
  Temple: 159 daAuts
     D:7: 115 daAuts
